[Event "Titled Tuesday Blitz October 25 Late 2022"]
[White "Prohorov, Olexandr"]
[Black "Castella Garcia, Fausto"]
[WhiteFideId "14105578"]
[BlackFideId "3501922"]
[WhiteElo "1993"]
[BlackElo "2246"]
[Result "1/2-1/2"]
[Round "08"]
[TimeControl "180+1"]
[Date "2022.10.26"]
[WhiteClock "0:00:03"]
[BlackClock "0:00:14"]

1. e4 c5 2. c3 d6 3. d4 Nf6 4. Bd3 g6 5. f3 Bg7 6. Ne2 O-O 7. O-O Nc6 8. Be3 b6 9. a4 Bb7 10. Na3 cxd4 11. cxd4 Nb4 12. Bb1 Ba6 13. Nb5 Qd7 14. Qb3 Bxb5 15. axb5 a5 16. bxa6 Nxa6 17. Bd3 Qb7 18. Rfc1 Nc7 19. Nc3 Nd7 20. h4 Rxa1 21. Rxa1 e5 22. dxe5 Bxe5 23. Bc4 Nc5 24. Qc2 N5e6 25. Rf1 b5 26. Bb3 b4 27. Nd5 Nxd5 28. Bxd5 Qe7 29. Qb3 Nd4 30. Qc4 Qf6 31. Bg5 Qg7 32. f4 Bf6 33. Rd1 Bxg5 34. hxg5 Ne6 35. Bxe6 fxe6 36. Qxe6+ Kh8 37. Rxd6 Qxb2 38. g3 Qc1+ 39. Kg2 Qb2+ 40. Kh3 Qg7 41. Rd7 Qa1 42. Qe5+ Qxe5 43. fxe5 Rb8 44. e6 Kg8 45. Kg4 Kf8 46. Rxh7 b3 47. Rh1 Ke7 48. Rb1 Kxe6 49. Kf4 b2 50. g4 Rb3 51. e5 Kd5 52. e6 Kxe6 53. Ke4 Rb4+ 54. Kf3 Ke5 55. Ke3 Rxg4 56. Rxb2 Rxg5 57. Kf3 Rf5+ 58. Kg3 Kf6 59. Rb6+ Kg5 60. Ra6 Rb5 61. Ra4 Rb3+ 62. Kg2 Kh5 63. Rc4 g5 64. Ra4 g4 65. Ra5+ Kh4 66. Ra8 Rb2+ 67. Kg1 Kh3 68. Rh8+ Kg3 69. Kf1 Rb1+ 70. Ke2 Kg2 71. Ra8 g3 72. Ke3 Re1+ 73. Kf4 Rf1+ 74. Kg4 Rf2 75. Ra3 Kh2 76. Rxg3 Rg2 77. Rxg2+ Kxg2 1/2-1/2


[Site "https://www.chess.com"]

[Event "Titled Tuesday Blitz October 25 Late 2022"]
[White "Prydun, Andriy"]
[Black "Karas, Marek"]
[WhiteFideId "14145898"]
[BlackFideId "14928558"]
[WhiteElo "2163"]
[BlackElo "2220"]
[Result "0-1"]
[Round "08"]
[TimeControl "180+1"]
[Date "2022.10.26"]
[WhiteClock "0:00:05"]
[BlackClock "0:00:11"]

1. d4 h6 2. e4 a6 3. Be3 b6 4. Bd3 g6 5. Nd2 Bb7 6. Ne2 Bg7 7. O-O d6 8. c3 e6 9. f3 Nd7 10. Qc2 Ne7 11. Rad1 c5 12. Qb1 Qc7 13. f4 f5 14. e5 d5 15. c4 O-O 16. b4 dxc4 17. Nxc4 b5 18. Nd6 c4 19. Bc2 Nd5 20. Bc1 N7b6 21. Rf2 Rfd8 22. Nxb7 Qxb7 23. Bd2 Rac8 24. Bc3 Bf8 25. Rf3 Kh7 26. a3 Be7 27. Kh1 Rg8 28. Rh3 Kg7 29. Rc1 Rh8 30. Bd1 Rcg8 31. Bd2 Kf7 32. Nc3 Nxc3 33. Bxc3 Nd5 34. Bd2 g5 35. Bh5+ Kf8 36. fxg5 Bxg5 37. Bxg5 Rxg5 38. Rf1 Ke7 39. Bf3 Qd7 40. Qc1 Qd8 41. Bxd5 Qxd5 42. Qxg5+ hxg5 43. Rxh8 Qxd4 44. Rh7+ Kf8 45. h4 gxh4 46. Rf3 c3 47. Rc7 c2 48. Rfc3 Qxe5 49. Rxc2 Qa1+ 50. Kh2 Qxa3 51. Rd2 Qg3+ 0-1


[Site "https://www.chess.com"]

[Event "Titled Tuesday Blitz October 25 Late 2022"]
[White "Radovic, Luka"]
[Black "Harvey, Marcus R"]
[WhiteFideId "911569"]
[BlackFideId "400092"]
[WhiteElo "2257"]
[BlackElo "2457"]
[Result "0-1"]
[Round "08"]
[TimeControl "180+1"]
[Date "2022.10.26"]
[WhiteClock "0:00:03"]
[BlackClock "0:00:03"]

1. Nf3 d5 2. c4 c6 3. g3 Bg4 4. Bg2 e6 5. b3 Be7 6. Bb2 Bf6 7. d4 a5 8. Nbd2 a4 9. O-O Bxf3 10. Nxf3 Ne7 11. Qc2 O-O 12. e4 dxe4 13. Qxe4 Nd7 14. Rad1 axb3 15. axb3 Ra2 16. Bc3 Qb6 17. b4 Qa6 18. Nd2 Qa3 19. Nb1 Qb3 20. Qd3 Rd8 21. Nd2 Qc2 22. Ne4 Nf5 23. Rfe1 Qxd3 24. Rxd3 Ra3 25. Red1 Be7 26. d5 cxd5 27. cxd5 Nb6 28. dxe6 Rxd3 29. exf7+ Kxf7 30. Rxd3 Bxb4 31. Rf3 Bxc3 32. Rxf5+ Ke6 33. Rb5 Ra1+ 34. Bf1 Bd4 35. Kg2 h6 36. Rb4 Kd5 37. Nd2 Ra4 38. Rb5+ Kc6 39. Nf3 Bc5 40. Ne5+ Kd6 41. Nd3 Bd4 42. Nf4 Ra3 43. Be2 Ra2 44. Rb3 Rb2 45. Rd3 Ke5 46. Ng6+ Ke4 47. Kf1 Rb1+ 48. Kg2 Rb2 49. Kf1 Bc5 50. Rd8 Rb1+ 51. Kg2 Rb2 52. Bf3+ Kf5 53. Nh4+ Kf6 54. Rf8+ Ke7 55. Ng6+ Kd6 56. Bg4 Nd5 57. Rd8+ Kc6 58. Ne5+ Kc7 59. Rxd5 Rxf2+ 60. Kh3 Bd6 61. Nc4 Bb4 62. Rd7+ Kb8 63. Rxg7 b5 64. Nb6 Rd2 65. Nd7+ Kc7 66. Ne5+ Kb6 67. Nf3 Rf2 68. Rg6+ Ka5 69. Rxh6 Bc5 70. Rc6 Be3 71. Re6 Bc5 72. Bh5 Rc2 73. Kg4 b4 74. Bf7 b3 75. Rc6 b2 76. Bg6 b1=Q 77. Bxc2 Qxc2 78. h4 Qe4+ 79. Kh3 Qf5+ 80. Kg2 Qc2+ 81. Kh3 Kb4 82. Rg6 Qxg6 0-1


[Site "https://www.chess.com"]

[Event "Titled Tuesday Blitz October 25 Late 2022"]
[White "Romero Ruscalleda, Josep"]
[Black "Gardezi, Arsal"]
[WhiteFideId "2231859"]
[BlackFideId "30949521"]
[WhiteElo "2327"]
[BlackElo "1906"]
[Result "1-0"]
[Round "08"]
[TimeControl "180+1"]
[Date "2022.10.26"]
[WhiteClock "0:00:43"]
[BlackClock "0:00:01"]

1. e4 e5 2. Nf3 Nc6 3. Bc4 Nf6 4. d4 exd4 5. e5 d5 6. Bb5 Ne4 7. Nxd4 Bd7 8. Bxc6 bxc6 9. O-O Bc5 10. Be3 O-O 11. Nd2 Rb8 12. Nxe4 dxe4 13. Nxc6 Bxc6 14. Bxc5 Qxd1 15. Rfxd1 Rfe8 16. Bd4 Rb4 17. b3 a5 18. a4 Rbb8 19. Bc3 Ra8 20. Kf1 h5 21. Ke2 e3 22. f3 g5 23. Rd3 g4 24. Rad1 gxf3+ 25. gxf3 Kh7 26. Rg1 Bb7 27. Rd7 Rf8 28. Rxc7 Bd5 29. Kxe3 Rac8 30. Bxa5 Rxc7 31. Bxc7 Rc8 32. Bd6 Rxc2 33. b4 Ra2 34. a5 Ra3+ 35. Kd4 Bxf3 36. Be7 Bc6 37. Bf6 Rd3+ 38. Kc5 Bd5 39. a6 1-0


[Site "https://www.chess.com"]

[Event "Titled Tuesday Blitz October 25 Late 2022"]
[White "Rose, Felix"]
[Black "Mikhalsky, Vladimir"]
[WhiteFideId "5105722"]
[BlackFideId "14144352"]
[WhiteElo "2039"]
[BlackElo "2271"]
[Result "1-0"]
[Round "08"]
[TimeControl "180+1"]
[Date "2022.10.26"]
[WhiteClock "0:00:10"]
[BlackClock "0:00:01"]

1. e4 c5 2. Nf3 Nc6 3. d4 cxd4 4. Nxd4 Nf6 5. Nc3 e5 6. Ndb5 d6 7. Bg5 a6 8. Na3 b5 9. Nd5 Be7 10. Bxf6 Bxf6 11. c3 Rb8 12. Nc2 Bg5 13. a4 bxa4 14. Ncb4 Nxb4 15. Nxb4 Bd7 16. Bxa6 O-O 17. Qxd6 Be7 18. Qd2 Bxb4 19. cxb4 Qb6 20. b5 Bxb5 21. Bxb5 Qxb5 22. O-O-O a3 23. b4 Rfc8+ 24. Kb1 Qc4 25. Ka1 Qxe4 26. Rhe1 Qxg2 27. Rxe5 Qxh2 28. Rd5 g6 29. b5 Qh3 30. b6 Qb3 31. Rb1 Qc4 32. b7 Re8 33. Rd4 Qc6 34. Rd6 Qc7 35. Rd7 Qe5+ 36. Ka2 Qe6+ 37. Ka1 Qf6+ 38. Ka2 Qa6 39. Qd3 Re2+ 40. Ka1 Qf6+ 41. Qd4 Qxd4+ 42. Rxd4 Re7 43. Rdb4 Re6 44. Ka2 Ra6 45. Rc4 Kg7 46. Rc8 Rxb7 47. Rxb7 Rf6 48. Rc2 Rf3 49. Rb3 Rf5 50. Rxa3 h5 51. Rh3 Kh6 52. Kb2 g5 53. Kc1 g4 54. Rh1 Kg5 55. Kd2 h4 56. Ke1 h3 57. Rc3 Kh4 58. Ke2 Ra5 59. Ke3 f5 60. Rc8 Ra3+ 61. Kf4 Rf3+ 62. Ke5 Rxf2 63. Kf6 Kg3 64. Rc3+ Rf3 65. Rc2 f4 66. Kg5 Re3 67. Rg1+ Kf3 68. Rf1+ 1-0


[Site "https://www.chess.com"]

[Event "Titled Tuesday Blitz October 25 Late 2022"]
[White "Rostomyan, Mikayel"]
[Black "Chigaev, Maksim"]
[WhiteFideId "13313754"]
[BlackFideId "4108116"]
[WhiteElo "2018"]
[BlackElo "2537"]
[Result "0-1"]
[Round "08"]
[TimeControl "180+1"]
[Date "2022.10.26"]
[WhiteClock "0:00:01"]
[BlackClock "0:01:02"]

1. d4 Nf6 2. Nf3 g6 3. b3 Bg7 4. Bb2 O-O 5. e3 a5 6. a3 d5 7. Be2 Ne4 8. O-O c5 9. c4 Nc6 10. cxd5 Qxd5 11. Bc4 Qh5 12. Qc2 Bf5 13. Bd3 Ng5 14. Nxg5 Bxd3 15. Qxd3 Qxg5 16. Nd2 cxd4 17. exd4 Rfd8 18. Nf3 Qd5 19. Qe3 e6 20. Rfd1 e5 21. Rac1 exd4 22. Qd3 h6 23. h3 Rd7 24. Rc4 Rad8 25. Rdc1 Qe6 26. Re1 Qd6 27. Rc2 Re7 28. Rce2 Rxe2 29. Rxe2 Qd5 30. Rd2 b5 31. Rd1 a4 32. b4 Qc4 33. Ne1 Ne5 34. Qe4 d3 35. Qe3 Qb3 36. Bxe5 Qxd1 37. Bxg7 Kxg7 38. Qe5+ Kg8 39. Qe7 Rf8 40. Kh2 d2 41. Nf3 Qxf3 42. gxf3 d1=Q 0-1


[Site "https://www.chess.com"]

[Event "Titled Tuesday Blitz October 25 Late 2022"]
[White "Rustemov, Alexander"]
[Black "Golubev, Mikhail"]
[WhiteFideId "4119002"]
[BlackFideId "14100983"]
[WhiteElo "2800"]
[BlackElo "2374"]
[Result "1-0"]
[Round "08"]
[TimeControl "180+1"]
[Date "2022.10.26"]
[WhiteClock "0:00:28"]
[BlackClock "0:00:01"]

1. d4 Nf6 2. c4 g6 3. Nf3 Bg7 4. g3 O-O 5. Bg2 d6 6. O-O Nbd7 7. Nc3 e5 8. e4 Re8 9. Re1 exd4 10. Nxd4 c6 11. h3 Qb6 12. Na4 Qa5 13. Bd2 Qd8 14. Qc2 Nb6 15. Nxb6 Qxb6 16. Be3 Qa5 17. Rad1 Qh5 18. g4 Bxg4 19. hxg4 Nxg4 20. Bf4 d5 21. cxd5 cxd5 22. Nf3 Rac8 23. Qd3 dxe4 24. Rxe4 Rxe4 25. Qxe4 Qc5 26. Bg3 h5 27. Qxb7 Qc2 28. Rf1 Bxb2 29. Qxa7 Bf6 30. a4 Kg7 31. Qd7 g5 32. Qd1 Qxd1 33. Rxd1 h4 34. Bd6 Ra8 35. Nxg5 Rxa4 36. Ne4 Be5 37. Bxe5+ Nxe5 38. Ng5 Rg4 39. Nh3 Nf3+ 40. Kf1 Ng5 41. Nxg5 Rxg5 42. Rd4 Rh5 43. Bh3 Rh6 44. Rg4+ Kf6 45. Kg2 Rh8 46. Kf3 Ke7 47. Kf4 1-0


[Site "https://www.chess.com"]

[Event "Titled Tuesday Blitz October 25 Late 2022"]
[White "Sailer, Mike"]
[Black "Mickiewicz, Piotr"]
[WhiteFideId "2012901"]
[BlackFideId "1114891"]
[WhiteElo "2109"]
[BlackElo "2246"]
[Result "1-0"]
[Round "08"]
[TimeControl "180+1"]
[Date "2022.10.26"]
[WhiteClock "0:00:03"]
[BlackClock "0:00:01"]

1. d4 Nf6 2. Bf4 d5 3. Nc3 a6 4. f3 c5 5. dxc5 Nc6 6. e4 d4 7. Na4 e5 8. Bd2 Be6 9. b4 Nd7 10. Bd3 Be7 11. Ne2 h5 12. O-O g5 13. Ng3 h4 14. Nf5 Bxf5 15. exf5 Rg8 16. h3 Nf6 17. Nb6 Rb8 18. Be4 Kf8 19. a4 Qc7 20. Qc1 Nh5 21. Nd5 Qd7 22. Nxe7 Qxe7 23. b5 Nd8 24. bxa6 bxa6 25. c6 Ng3 26. Re1 Nxe4 27. Rxe4 Nxc6 28. Rb1 Rxb1 29. Qxb1 Kg7 30. Qb6 Rc8 31. f6+ Qxf6 32. Rg4 Kf8 33. Bxg5 Qd6 34. Bh6+ Qxh6 35. Qb7 Qe6 36. Rxh4 d3 37. cxd3 Rd8 38. Rh8+ Kg7 39. Rxd8 Nxd8 40. Qb2 Nc6 41. Qb6 Qd5 42. Qxa6 Qd4+ 43. Kh1 Nb4 44. Qb5 Nxd3 45. a5 Nf2+ 46. Kh2 Qf4+ 47. Kg1 Qe3 48. Kh2 Nd3 49. a6 Ne1 50. a7 Qf2 51. Qxe5+ 1-0


[Site "https://www.chess.com"]

[Event "Titled Tuesday Blitz October 25 Late 2022"]
[White "Sarana, Alexey"]
[Black "Predke, Alexandr"]
[WhiteFideId "24133795"]
[BlackFideId "24107581"]
[WhiteElo "2689"]
[BlackElo "2614"]
[Result "0-1"]
[Round "08"]
[TimeControl "180+1"]
[Date "2022.10.26"]
[WhiteClock "0:00:01"]
[BlackClock "0:00:04"]

1. c4 e6 2. Nc3 d5 3. d4 Nf6 4. cxd5 exd5 5. Bf4 Bd6 6. Bxd6 Qxd6 7. e3 Bf5 8. Qf3 g6 9. Qg3 Qxg3 10. hxg3 O-O 11. f3 h5 12. Kf2 c6 13. Nge2 a5 14. Nf4 Nbd7 15. Be2 Nb6 16. Bd3 Bxd3 17. Nxd3 Rfe8 18. b3 Nbd7 19. Rh4 Kg7 20. Rc1 Re7 21. Rhh1 Rae8 22. Rhe1 Nb6 23. Nc5 Nc8 24. N3a4 Nd6 25. Re2 Nd7 26. Nxd7 Rxd7 27. Rc5 Rde7 28. Rc3 Nb5 29. Rd3 f5 30. Nc5 Nd6 31. Rc2 g5 32. Na4 Kg6 33. Nc3 Re6 34. Ne2 R6e7 35. Rc5 Ra8 36. Nc3 Kf6 37. Na4 Kg6 38. Rdc3 Rae8 39. Rxa5 f4 40. gxf4 gxf4 41. exf4 Re2+ 42. Kg1 Kh6 43. Nc5 Rg8 44. Nxb7 Rgxg2+ 45. Kh1 Nf5 46. Rxc6+ Kg7 47. Ra7 Ng3# 0-1


[Site "https://www.chess.com"]

[Event "Titled Tuesday Blitz October 25 Late 2022"]
[White "Saucey, Michel"]
[Black "Lindholt, Malik"]
[WhiteFideId "601845"]
[BlackFideId "1404490"]
[WhiteElo "2253"]
[BlackElo "2008"]
[Result "1/2-1/2"]
[Round "08"]
[TimeControl "180+1"]
[Date "2022.10.26"]
[WhiteClock "0:00:40"]
[BlackClock "0:00:26"]

1. d4 Nf6 2. Nf3 g6 3. c4 Bg7 4. g3 O-O 5. Bg2 d6 6. Nc3 Nc6 7. d5 Na5 8. b3 c5 9. Bb2 Ne4 10. Rc1 a6 11. Nd2 Nxc3 12. Bxc3 Bxc3 13. Rxc3 b5 14. O-O Rb8 15. Qc2 Bf5 16. e4 Bd7 17. Re1 Qb6 18. e5 bxc4 19. Nxc4 Nxc4 20. bxc4 Qb2 21. Qxb2 Rxb2 22. exd6 exd6 23. Ra3 Ra8 24. h4 Kf8 25. Bf1 a5 26. Re2 Rxe2 27. Bxe2 Ke7 28. Re3+ Kf8 29. Rb3 Re8 30. Kf1 Bh3+ 31. Ke1 Bg4 32. f3 Bf5 33. Kd2 Ra8 34. Rb6 Ke7 35. Bd3 Bd7 36. Rb7 Kd8 37. Ke3 Kc8 38. Rb2 Kc7 39. Kf4 f6 40. g4 Re8 41. Re2 Rxe2 42. Bxe2 h6 43. g5 fxg5+ 44. hxg5 hxg5+ 45. Kxg5 Bf5 46. Kf6 Kd7 47. a3 Bc2 48. f4 Bf5 49. Bf1 Kc7 50. Ke7 Be4 51. Be2 Bf5 52. Bf1 Be4 53. Be2 Bf5 54. Bf1 1/2-1/2


[Site "https://www.chess.com"]

[Event "Titled Tuesday Blitz October 25 Late 2022"]
[White "Senthil Maran K"]
[Black "Roman, Rodrigo"]
[WhiteFideId "25035681"]
[BlackFideId "3701220"]
[WhiteElo "2109"]
[BlackElo "2001"]
[Result "0-1"]
[Round "08"]
[TimeControl "180+1"]
[Date "2022.10.26"]
[WhiteClock "0:00:06"]
[BlackClock "0:00:08"]

1. g3 Nf6 2. Bg2 d5 3. Nf3 c5 4. d4 Nc6 5. c4 e6 6. O-O dxc4 7. Qa4 Bd7 8. Qxc4 cxd4 9. Nxd4 Nxd4 10. Qxd4 Bc6 11. Bxc6+ bxc6 12. Be3 Qxd4 13. Bxd4 Nd7 14. Nd2 f6 15. Rfc1 c5 16. Be3 Rb8 17. b3 Be7 18. Ne4 Rc8 19. Rc2 f5 20. Ng5 Bxg5 21. Bxg5 Kf7 22. Rac1 Rc7 23. Bf4 e5 24. Be3 Rhc8 25. Rc4 a5 26. a3 Ke6 27. Ra4 Rb8 28. Rc3 Rcb7 29. Rxa5 Rxb3 30. Ra6+ Kd5 31. Rc1 Rb1 32. Rxb1 Rxb1+ 33. Kg2 c4 34. Bd2 Nc5 35. Ra7 Ne4 36. Bb4 c3 37. f3 Rxb4 38. axb4 Nd2 39. Ra2 Kc4 40. Kf2 Kxb4 41. Ke1 Nc4 42. Kd1 Kb3 43. Ra8 Ne3+ 44. Kc1 Nf1 45. Rb8+ Kc4 46. Rc8+ Kd4 47. Rd8+ Ke3 48. Kd1 Nxh2 49. Rd3+ Kf2 50. Rxc3 Kxg3 51. Rc7 g6 52. Rxh7 Nf1 53. Kc2 g5 54. Rh5 Kf4 55. Kd3 Ng3 56. Rh2 e4+ 57. fxe4 fxe4+ 58. Kd4 Nf5+ 59. Kc3 g4 60. Kd2 g3 61. Rg2 Nh4 62. Rg1 g2 63. Ke1 e3 64. Kd1 Kg3 65. Kc2 Kf2 66. Rb1 g1=Q 67. Rxg1 Kxg1 68. Kc3 Kf2 69. Kd3 Ng2 70. Kd4 Kxe2 71. Ke4 Kf2 72. Kd3 e2 0-1


[Site "https://www.chess.com"]

[Event "Titled Tuesday Blitz October 25 Late 2022"]
[White "Shapiro, Daniel"]
[Black "Hoffmann, Asa"]
[WhiteFideId "2001780"]
[BlackFideId "2001470"]
[WhiteElo "2251"]
[BlackElo "2117"]
[Result "1-0"]
[Round "08"]
[TimeControl "180+1"]
[Date "2022.10.26"]
[WhiteClock "0:00:04"]
[BlackClock "0:00:02"]

1. d4 Nf6 2. c4 c5 3. d5 e5 4. Nc3 d6 5. e4 Be7 6. h3 Nbd7 7. Bd3 Nf8 8. g3 Ng6 9. Be3 O-O 10. Nge2 a6 11. Qd2 Ne8 12. f3 Bd7 13. h4 Rb8 14. h5 Nh8 15. a4 b6 16. f4 Nc7 17. Ng1 Bf6 18. Nf3 b5 19. axb5 axb5 20. Rb1 bxc4 21. Bxc4 Rb4 22. b3 Bg4 23. Kf2 Qe7 24. Bd3 Rfb8 25. Bc2 h6 26. Ne1 exf4 27. gxf4 Bd4 28. Nd3 Bxc3 29. Qxc3 Rxe4 30. Ne5 Rxe3 31. Qxe3 dxe5 32. fxe5 Qg5 33. Qxg5 hxg5 34. d6 Ne6 35. h6 gxh6 36. Rxh6 Ng6 37. Bxg6 fxg6 38. Rxg6+ Kf7 39. Rf6+ Kg7 40. Rc1 Rb4 41. Rc3 Re4 42. Kg3 Rd4 43. Rf1 Bh5 44. Ra1 Rd5 45. Ra7+ Kg6 46. Re3 Bd1 47. Re7 Kf5 48. Rf7+ Kg6 49. Rf6+ Kg7 50. Rxe6 Bc2 51. Re7+ Kg6 52. d7 Bf5 53. e6 Kh5 54. Re8 Bxe6 55. R8xe6 Rxd7 56. R6e5 Rc7 57. Rc3 Rb7 58. Rexc5 Rb4 59. R5c4 Rb5 60. b4 Re5 61. Rb3 Rd5 62. b5 Rd3+ 63. Rxd3 Kg6 64. Rd6+ Kf7 65. Rc7+ Ke8 66. Ra6 Kd8 67. Rh7 Kc8 68. Rg6 Kb8 69. Rg8# 1-0


[Site "https://www.chess.com"]

[Event "Titled Tuesday Blitz October 25 Late 2022"]
[White "Shipov, Sergei"]
[Black "Deac, Bogdan-Daniel"]
[WhiteFideId "4113624"]
[BlackFideId "1226380"]
[WhiteElo "2772"]
[BlackElo "2648"]
[Result "0-1"]
[Round "08"]
[TimeControl "180+1"]
[Date "2022.10.26"]
[WhiteClock "0:00:01"]
[BlackClock "0:00:05"]

1. d4 d5 2. c4 e6 3. Nc3 h6 4. Nf3 Nf6 5. g3 Be7 6. Bg2 O-O 7. O-O Nbd7 8. b3 dxc4 9. bxc4 c5 10. d5 Nb6 11. Ne5 Bd6 12. f4 Bxe5 13. fxe5 Ng4 14. Na4 Nxc4 15. Nxc5 exd5 16. Bxd5 Ncxe5 17. Qd4 Nc6 18. Qd2 Nf6 19. e4 Bh3 20. Rd1 Nxd5 21. exd5 Ne5 22. Qf4 Ng6 23. Qf2 b6 24. Ne4 Re8 25. Qd4 Ne5 26. Nd2 Rc8 27. Bb2 Rc5 28. d6 Rc6 29. Qxe5 Rxe5 30. Bxe5 Rxd6 31. Bxd6 Qxd6 32. Ne4 Qe7 33. Nf2 Be6 34. a4 Qc5 35. Rdc1 Qa5 36. h3 Kh7 37. Kg2 Qd2 38. Rd1 Qe2 39. h4 h5 40. a5 b5 41. a6 b4 42. Rab1 b3 43. Rbc1 Qxa6 44. Rb1 Qb7+ 45. Kg1 a5 0-1


[Site "https://www.chess.com"]

[Event "Titled Tuesday Blitz October 25 Late 2022"]
[White "Sorokin, Aleksey"]
[Black "Piesik, Piotr"]
[WhiteFideId "24176460"]
[BlackFideId "1136194"]
[WhiteElo "2476"]
[BlackElo "2323"]
[Result "1-0"]
[Round "08"]
[TimeControl "180+1"]
[Date "2022.10.26"]
[WhiteClock "0:00:23"]
[BlackClock "0:00:03"]

1. c4 g6 2. Nc3 Bg7 3. d4 d6 4. Nf3 Nc6 5. d5 Ne5 6. Bf4 Nxf3+ 7. exf3 Nf6 8. g4 c6 9. h4 h5 10. g5 Nd7 11. Bh3 Ne5 12. Qe2 Bxh3 13. Rxh3 Qd7 14. Rh1 O-O 15. Bg3 Qf5 16. Bxe5 Bxe5 17. Rd1 Bxc3+ 18. bxc3 Rfe8 19. Qe4 Qd7 20. Kf1 e6 21. dxc6 bxc6 22. Kg2 d5 23. Qe5 Qe7 24. Rb1 dxc4 25. Rhd1 Rad8 26. Rd4 Rd5 27. Qe4 Rxd4 28. Qxd4 Rd8 29. Qxc4 Qd7 30. Qc5 Qc7 31. c4 Rd3 32. Rb3 Rxb3 33. axb3 a5 34. Qd4 c5 35. Qe3 Qb6 36. Qd3 Kg7 37. f4 Qc6+ 38. Qf3 Qb6 39. Qc3+ Kg8 40. Qd3 a4 41. bxa4 Qc6+ 42. Kg3 Qxa4 43. Qd8+ Kg7 44. Qf6+ Kg8 45. Qd8+ Kh7 46. Qe7 Qa3+ 47. f3 Kg8 48. Qd8+ Kg7 49. Qf6+ Kg8 50. Qe5 Qb4 51. Qe4 Qd2 52. Qe5 Qb4 53. f5 exf5 54. Qe8+ Kg7 55. Qe5+ Kh7 56. Qd5 Qe1+ 57. Kf4 Qe7 58. Qe5 Qa7 59. Qd6 Kg7 60. Qe5+ Kg8 61. Qe8+ Kh7 62. Ke5 Kg7 63. Kd5 Qb7+ 64. Qc6 Qb1 65. Qxc5 Qh1 66. Qd4+ Kf8 67. Kd6 Qxf3 68. Qh8# 1-0


[Site "https://www.chess.com"]

[Event "Titled Tuesday Blitz October 25 Late 2022"]
[White "Souleidis, Georgios"]
[Black "Melikhov, Evgeny V."]
[WhiteFideId "4206827"]
[BlackFideId "4122046"]
[WhiteElo "2401"]
[BlackElo "2169"]
[Result "1/2-1/2"]
[Round "08"]
[TimeControl "180+1"]
[Date "2022.10.26"]
[WhiteClock "0:00:36"]
[BlackClock "0:00:38"]

1. e4 e5 2. Nc3 Nf6 3. d4 exd4 4. Qxd4 Nc6 5. Qd3 d5 6. Bf4 dxe4 7. Qxd8+ Nxd8 8. Bxc7 Ne6 9. Be5 Bb4 10. Bb5+ Bd7 11. O-O-O Bxb5 12. Nxb5 O-O 13. Ne2 a6 14. Nbd4 Nxd4 15. Bxd4 Rfe8 16. c3 Bf8 17. Rhe1 Ng4 18. h3 Ne5 19. Bxe5 Rxe5 20. Rd7 b5 21. Ng3 Rae8 22. Kc2 f5 23. Ne2 g5 24. Red1 f4 25. R1d5 Rxd5 26. Rxd5 h6 27. b4 e3 28. f3 Kf7 29. a3 Bg7 30. Rd7+ Re7 31. Rd6 Re6 32. Rd7+ Re7 33. Rd6 Re6 34. Rd7+ Re7 1/2-1/2


[Site "https://www.chess.com"]

[Event "Titled Tuesday Blitz October 25 Late 2022"]
[White "Stanisz, Patryk"]
[Black "Mazurkiewicz, Michal"]
[WhiteFideId "1123106"]
[BlackFideId "1124943"]
[WhiteElo "2069"]
[BlackElo "2063"]
[Result "1-0"]
[Round "08"]
[TimeControl "180+1"]
[Date "2022.10.26"]
[WhiteClock "0:00:04"]
[BlackClock "0:00:01"]

1. d4 Nf6 2. c4 e5 3. dxe5 Ng4 4. e3 Nxe5 5. Nh3 d5 6. cxd5 Bxh3 7. gxh3 Bd6 8. Bg2 Nbd7 9. Nc3 O-O 10. O-O f5 11. f4 Ng6 12. Nb5 Bc5 13. a3 a6 14. Nd4 Bxd4 15. Qxd4 Nf6 16. b4 Ne7 17. Rd1 Qd6 18. Bb2 Rad8 19. Qc4 Kh8 20. Be5 Qb6 21. Bxc7 Qxe3+ 22. Kh1 Rd7 23. Re1 Qf2 24. d6 Ng6 25. Qe2 Qxf4 26. Rf1 Qh4 27. Bxb7 Re8 28. Qf2 Qc4 29. Rac1 Qb5 30. Bc6 Qe5 31. Bxd7 Nxd7 32. Rce1 Qd5+ 33. Qg2 Qxg2+ 34. Kxg2 Nge5 35. Ba5 Nf6 36. Bc7 Ne4 37. Rxe4 fxe4 38. d7 Nxd7 39. Rf7 Nf6 40. Bf4 e3 41. Bxe3 1-0


[Site "https://www.chess.com"]

[Event "Titled Tuesday Blitz October 25 Late 2022"]
[White "Storey, Charles H"]
[Black "Gritsenko, Nikolai"]
[WhiteFideId "406686"]
[BlackFideId "14112493"]
[WhiteElo "2252"]
[BlackElo "2389"]
[Result "1/2-1/2"]
[Round "08"]
[TimeControl "180+1"]
[Date "2022.10.26"]
[WhiteClock "0:00:16"]
[BlackClock "0:00:17"]

1. c4 e5 2. g3 Nc6 3. Bg2 g6 4. Nc3 Bg7 5. d3 d6 6. Nf3 Nh6 7. Nd5 O-O 8. Bg5 f6 9. Bd2 Ne7 10. Nxe7+ Qxe7 11. Qb3 Nf7 12. O-O c6 13. Bb4 f5 14. Nd2 h5 15. Nf3 g5 16. h4 g4 17. Nh2 Be6 18. e3 f4 19. exf4 exf4 20. Be4 Bd4 21. Kh1 Ne5 22. Rae1 Bxf2 23. Bxd6 Qxd6 24. Rxf2 fxg3 25. Qxb7 Rxf2 26. Qxa8+ Rf8 27. Qxa7 Rf7 28. Qa8+ Kg7 29. Nf1 Nxd3 30. Qa5 Nxe1 31. Qxe1 Qe5 32. Nxg3 Rf3 33. Kg2 Rxg3+ 34. Qxg3 Qxe4+ 35. Kg1 Bxc4 36. Qc7+ Bf7 37. a4 Qxa4 38. Qe5+ Kf8 39. Qd6+ Ke8 40. Qb8+ Kd7 41. Qb7+ Ke6 42. Qc8+ Ke5 43. Qc7+ Ke6 44. Qc8+ Kd5 45. Qd7+ Kc5 46. Qe7+ Kb5 47. Qxf7 Qd4+ 48. Kf1 Qd5 49. Qe8 Kc4 50. Ke2 Qd3+ 51. Ke1 g3 52. Qxc6+ Kb3 53. Qc3+ Qxc3+ 54. bxc3 Kxc3 55. Ke2 Kd4 56. Kf3 Ke5 57. Kxg3 Ke4 58. Kh3 Ke3 59. Kg3 Ke4 60. Kh3 Kf4 61. Kh2 Kg4 62. Kh1 Kf3 63. Kg1 Kg3 64. Kh1 Kf2 65. Kh2 Kf3 66. Kh3 Kf4 67. Kh2 Kg4 68. Kh1 Kxh4 69. Kh2 Kg4 70. Kh1 Kg3 71. Kg1 h4 72. Kh1 h3 73. Kg1 h2+ 74. Kh1 Kh3 1/2-1/2


[Site "https://www.chess.com"]

[Event "Titled Tuesday Blitz October 25 Late 2022"]
[White "Stoyanov, Tsvetan"]
[Black "Moreno Perez, Tobias Sebastian"]
[WhiteFideId "2917173"]
[BlackFideId "186716"]
[WhiteElo "2349"]
[BlackElo "2505"]
[Result "1-0"]
[Round "08"]
[TimeControl "180+1"]
[Date "2022.10.26"]
[WhiteClock "0:00:34"]
[BlackClock "0:00:09"]

1. e4 c6 2. c4 d5 3. exd5 Nf6 4. Nf3 cxd5 5. cxd5 Nxd5 6. Nc3 e6 7. d4 Be7 8. Bd3 Nc6 9. O-O O-O 10. a3 Bf6 11. Bc2 Nce7 12. Ne4 b6 13. Qd3 Ng6 14. Nxf6+ Nxf6 15. Re1 Bb7 16. Bg5 Qd6 17. Rad1 Rac8 18. Bb1 Rfd8 19. h3 Qd5 20. Qe3 Qb5 21. Ne5 Qd5 22. Qg3 Nh5 23. Qh2 f6 24. Be4 Qd6 25. Bxb7 Rb8 26. Nc6 Qxh2+ 27. Kxh2 Rxb7 28. Nxd8 Rd7 29. Nxe6 fxg5 30. Nxg5 Nhf4 31. Re8+ 1-0


[Site "https://www.chess.com"]

[Event "Titled Tuesday Blitz October 25 Late 2022"]
[White "Szente Varga, Fruzsina"]
[Black "Almedina Ortiz, Edgardo J."]
[WhiteFideId "712264"]
[BlackFideId "3100197"]
[WhiteElo "1994"]
[BlackElo "2217"]
[Result "0-1"]
[Round "08"]
[TimeControl "180+1"]
[Date "2022.10.26"]
[WhiteClock "0:00:07"]
[BlackClock "0:00:02"]

1. e4 e5 2. d4 exd4 3. Qxd4 Nc6 4. Qe3 Nf6 5. Bd2 Bb4 6. a3 Bxd2+ 7. Nxd2 O-O 8. O-O-O Re8 9. f4 d6 10. h3 Qe7 11. Bd3 Bf5 12. Re1 d5 13. e5 d4 14. Qe2 Bxd3 15. Qxd3 Nd5 16. Qf3 Rad8 17. g4 f6 18. e6 f5 19. gxf5 Ne3 20. Rxe3 dxe3 21. Qxe3 Nd4 22. Qe4 Qc5 23. Ngf3 Qxf5 24. Qxf5 Nxf5 25. Re1 Rd6 26. Re5 Rdxe6 27. b3 Rxe5 28. Nxe5 g5 29. Ng4 Re1+ 30. Kb2 gxf4 31. Nf3 Rh1 32. Ngh2 Kg7 33. Kc3 Kf6 34. Kd3 Ng3 35. Ng4+ Ke7 36. Nf2 Rf1 37. Ng4 Rxf3+ 38. Kd2 Rf1 39. c4 Rh1 40. Kd3 Rxh3 41. Kd4 Rh4 42. Ne5 f3+ 43. Kd3 f2 0-1


[Site "https://www.chess.com"]

[Event "Titled Tuesday Blitz October 25 Late 2022"]
[White "Szpar, Milosz"]
[Black "Timmermans, Mark"]
[WhiteFideId "1184989"]
[BlackFideId "1026399"]
[WhiteElo "2422"]
[BlackElo "2460"]
[Result "0-1"]
[Round "08"]
[TimeControl "180+1"]
[Date "2022.10.26"]
[WhiteClock "0:00:37"]
[BlackClock "0:00:25"]

1. e4 e5 2. Nf3 Nc6 3. Bb5 f5 4. Nc3 fxe4 5. Nxe4 d5 6. Nxe5 dxe4 7. Nxc6 Qg5 8. Qe2 Nf6 9. Nxa7+ Bd7 10. Bxd7+ Nxd7 11. Nb5 Qxg2 12. Rf1 O-O-O 13. Qc4 c6 14. d3 Bc5 15. a4 exd3 16. Bf4 Rhe8+ 17. Kd2 Re2+ 18. Kxd3 Qf3+ 19. Be3 Rxe3+ 20. fxe3 Qxe3# 0-1


[Site "https://www.chess.com"]